 Dungeon Crawl Stone Soup version 0.30-a0-972-gf3ab3527aa (webtiles) character file.

Game seed: 13076212530733531005

221 Dordric the Grasshopper (level 5, -6/58 HPs)
             Began as a Barachi Warper on Mar 31, 2023.
             Was an Initiate of Cheibriados.
             Blown up by Ijyb (18 damage)
             ... with a mindburst bolt
             ... on level 4 of the Dungeon.
             The game lasted 00:07:46 (3456 turns).

Dordric the Grasshopper (Barachi Warper)            Turns: 3456, Time: 00:07:47

Health: -6/58      AC: 22    Str: 13    XL:     5   Next: 98%
Magic:  8/8        EV:  2    Int: 14    God:    Cheibriados [......]
Gold:   143        SH:  0    Dex: 15    Spells: 2/8 levels left

rFire   . . .      SeeInvis +    a - +0 falchion
rCold   . . .      Faith    .    (no shield)
rNeg    . . .      Spirit   .    h - melded +0 ring mail
rPois   +          Reflect  .    (helmet currently unavailable)
rElec   .          Rampage  .    (cloak currently unavailable)
rCorr   .          NoTele   +    (gloves currently unavailable)
Will    .....                    f - melded +1 pair of boots
Stlth   +                        (no amulet)
HPRegen 0.29/turn                m - ring of see invisible
MPRegen 0.11/turn                (no ring)

@: tree-form, very slow
A: stationary, stasis, torment immunity, boosted hp, (amphibious), (slowness 1),
(strong legs 1), +LOS
a: Renounce Religion


You were on level 4 of the Dungeon.
You worshipped Cheibriados.
Cheibriados was noncommittal.
You were a tree.
You visited 1 branch of the dungeon, and saw 4 of its levels.

You collected 143 gold pieces.

Inventory:

Hand Weapons
 a - a +0 falchion (weapon)
Missiles
 d - 4 boomerangs of dispersal (quivered)
Armour
 b - a +0 leather armour
 f - a +1 pair of boots (melded)
 h - a +0 ring mail (melded)
Jewellery
 l - a ring of ice
 m - a ring of see invisible (left branch)
 o - a ring of magical power
Scrolls
 c - 2 scrolls of blinking
 g - a scroll of immolation
 j - a scroll of fear {unknown}
Potions
 e - 2 potions of attraction
 i - a potion of resistance
 n - a potion of curing


   Skills:
 - Level 2.4 Fighting
 + Level 5.3 Long Blades
 - Level 1.0 Throwing
 - Level 1.2 Armour
 - Level 2.1 Dodging
 - Level 2.1 Spellcasting
 + Level 5.5 Translocations


You had 2 spell levels left.
You knew the following spells:

 Your Spells              Type           Power      Damage    Failure   Level
a - Blink                 Tloc           32%        N/A       3%          2
b - Manifold Assault      Tloc           16%        N/A       24%         4

Your spell library contained the following spells:

 Spells                   Type           Power      Damage    Failure   Level
 Lesser Beckoning         Tloc           32%        N/A       3%          2
 Cigotuvi's Dreadful Rot  Necr/Pois/Air  2%         N/A       34%         2
 Gell's Gravitas          Tloc           16%        N/A       8%          3
 Teleport Other           Tloc           16%        N/A       8%          3
 Portal Projectile        Hex/Tloc       18%        N/A       22%         3
 Vhi's Electric Charge    Tloc/Air       18%        N/A       22%         3
 Passage of Golubria      Tloc           16%        N/A       24%         4
 Tukima's Dance           Hex            1%         N/A       56%         3
 Leda's Liquefaction      Hex/Erth       0%         N/A       93%         4
 Silence                  Hex/Air        0%         N/A       100%        5
 Lehudib's Crystal Spear  Conj/Erth      0%         10d2      100%        8


Dungeon Overview and Level Annotations

Branches:
Dungeon (4/15)
 Temple: D:4-7

Altars:
Cheibriados

Annotations:
D:1 Sigmund
D:4 Ijyb


Innate Abilities, Weirdness & Mutations

You are a tree.
Your roots penetrate the ground, keeping you stationary.
You cannot be teleported.
You are immune to unholy pain and torment.
Your maximum health is greatly increased.
Your equipment is partially melded.
((You are amphibious.))
((You cover ground slowly.))
((You can hop short distances.))
You have an extended range of vision and can be seen from far away.


Message History

Ijyb hits you but does no damage.
You closely miss Ijyb.
Ijyb is heavily wounded.
Ijyb barely misses you.
You hit Ijyb.
Ijyb is severely wounded.
Ijyb hits you but does no damage.
You barely miss Ijyb.
Ijyb is severely wounded.
Ijyb hits you with a +0 dagger.
* * * LOW HITPOINT WARNING * * *
You hit Ijyb but do no damage.
Ijyb is severely wounded.
Ijyb hits you but does no damage.
You hit Ijyb but do no damage.
Ijyb is severely wounded.
Ijyb hits you but does no damage.
You hit Ijyb but do no damage.
Ijyb is severely wounded.
Ijyb hits you but does no damage.
You closely miss Ijyb.
Ijyb is severely wounded.
Ijyb hits you but does no damage.
You hit Ijyb but do no damage.
Ijyb is severely wounded.
Ijyb hits you but does no damage. x2
You hit Ijyb.
Ijyb is almost dead.
Ijyb hits you but does no damage.
You hit Ijyb but do no damage.
Ijyb is almost dead.
Ijyb hits you but does no damage.
You hit Ijyb but do no damage.
Ijyb is almost dead.
Ijyb hits you with a +0 dagger.
* * * LOW HITPOINT WARNING * * *
You hit Ijyb but do no damage.
Ijyb is almost dead.
Ijyb zaps a wand.
Your mind is blasted!
You die...

#.# #.# #.#
#g. #.# #.#
# #.#.##
#######.#..#
#♣g......>.#
#.#####.#..#
#.#.....# .#
#.#.##### #
#...# #####


You could see Ijyb.

Vanquished Creatures
  An orc priest (D:3)
  Jessica (D:2)
  4 gnolls (D:3)
  5 adders
  A worm (D:2)
  2 dart slugs (D:3)
  4 orcs
  4 ball pythons
  6 endoplasms
  2 giant cockroaches (D:1)
  7 goblins
  5 hobgoblins
  6 jackals
  3 quokkas
  10 bats
  3 frilled lizards
  A kobold (D:3)
  7 rats
72 creatures vanquished.

Notes
Turn   | Place    | Note
-------+----------+-------------------------------------------
     0 | D:1      | Dordric the Barachi Warper began the quest for the Orb.
     0 | D:1      | Reached XP level 1. HP: 17/17 MP: 3/3
   198 | D:1      | Reached XP level 2. HP: 16/23 MP: 5/5
   226 | D:1      | Found a faded altar of an unknown god.
   596 | D:1      | Learned a level 2 spell: Blink
   722 | D:1      | Reached XP level 3. HP: 28/28 MP: 6/6
   892 | D:2      | Noticed Sigmund
  1314 | D:2      | Noticed Jessica
  1317 | D:2      | Killed Jessica
  1318 | D:2      | Reached XP level 4. HP: 34/34 MP: 7/7
  1737 | D:2      | Got Awolluen's Discourse on Fuming Guile
  1864 | D:3      | Learned a level 4 spell: Manifold Assault
  2140 | D:2      | Reached XP level 5. HP: 36/39 MP: 8/8
  2198 | D:3      | Reached skill level 5 in Translocations
  2461 | D:3      | Reached skill level 5 in Long Blades
  2916 | D:3      | Found a snail-covered altar of Cheibriados.
  3218 | D:3      | Became a worshipper of Cheibriados the Contemplative
  3292 | D:4      | Noticed Ijyb
  3456 | D:4      | Blown up by Ijyb

Illustrated notes

Levels and vault maps discovered:
D:1:      dpeg_arrival_tiny_c, layout_basic,
          shapermc_ecumenical_altar_mp_highgroup
D:2:      layout_basic, uniq_sigmund, uniq_jessica
D:3:      layout_basic, mainiacjoe_overflow_brackets, dreamdust_princess_bridge
D:4:      layout_basic, fedhas_ov_isle_minmay, temple_statues, uniq_ijyb

Skill      XL: |  1  2  3  4  5 |
---------------+----------------+-----
Long Blades    | 3 4 5 |  5.3
Translocations | 4 5 |  5.5
Fighting       | |  2.4
Throwing       | |  1.0
Armour         | |  1.2
Dodging        | |  2.1
Spellcasting   | |  2.1

Action                     |  1- 3 |  4- 6 || total
---------------------------+-------+-------++-------
  Melee: Falchion          |   114 |   203 ||   317
         Punch             |     1 |     2 ||     3
  Throw: Boomerang         |     3 |       ||     3
   Cast: Blink             |     2 |     2 ||     4
Ability: Hop               |     2 |     1 ||     3
    Use: Scroll            |     1 |     4 ||     5
         Potion            |       |     2 ||     2
 Armour: Leather armour    |    21 |       ||    21
         Ring mail         |    67 |    96 ||   163
         Skin              |       |    13 ||    13
  Dodge: Dodged            |   112 |   137 ||   249

Table legend: (Time is in decaauts)
 A = Elapsed time spent in this place.
 B = Non-inter-level travel time spent in this place.
 C = Inter-level travel time spent in this place.
 D = Time resting spent in this place.
 E = Time spent auto-exploring this place.
 F = Levels seen in this place.
 G = Mean time per level.
                   A        B        C        D        E       F      G
               +--------+--------+--------+--------+--------+-----+--------+
         Total |   3903 |   3688 |    215 |      6 |   2653 |   4 |  975.8 |
       Dungeon |   3903 |   3688 |    215 |      6 |   2653 |   4 |  975.8 |
               +--------+--------+--------+--------+--------+-----+--------+

Top non-repeatable levels by time:
     D:3: 1542 daAuts
     D:2: 1209 daAuts
     D:1: 1090 daAuts
     D:4: 60 daAuts
